 Dungeon Crawl Stone Soup version 0.21-a0-283-g622b906 (webtiles) character file.

74 nono the Charmwright (level 4, -1/35 HPs)
             Began as a Gnoll Skald on Sept 24, 2017.
             Slain by an orc wizard
             ... wielding a +0 dagger
              (2 damage)
             ... on level 3 of the Dungeon.
             The game lasted 00:08:00 (1923 turns).

nono the Charmwright (Gnoll Skald)                  Turns: 1923, Time: 00:08:01

Health: -1/35      AC:  5    Str:  7    XL:     4   Next: 28%
Magic:  7/8        EV: 11    Int:  7    God:
Gold:   107        SH:  0    Dex:  7    Spells: 6/9 levels left

rFire    . . .     SeeInvis .   a - +0 falchion
rCold    . . .     Gourm    .   (no shield)
rNeg     . . .     Faith    .   b - +0 leather armour
rPois    .         Spirit   .   f - +0 helmet
rElec    .         Reflect  .   (no cloak)
rCorr    .         Harm     .   m - +0 pair of gloves
MR       .....                  (no boots)
Stlth    +.........             (no amulet)
HPRegen  0.11/turn              (no ring)
MPRegen  0.11/turn              (no ring)

@: singing (expiring)
A: unchanging attributes, fangs 1, strong nose
a: no special abilities


You were on level 3 of the Dungeon.
You were not hungry.

You visited 1 branch of the dungeon, and saw 3 of its levels.

You collected 107 gold pieces.

Inventory:

Hand Weapons
 a - a +0 falchion (weapon)
Armour
 b - a +0 leather armour (worn)
 f - a +0 helmet (worn)
 m - a +0 pair of gloves (worn)
Scrolls
 e - 2 scrolls of immolation {unknown}
 h - a scroll of noise {unknown}
 i - a scroll of magic mapping {unknown}
 j - a scroll of identify {unknown}
 l - a scroll of blinking {unknown}
 o - a scroll of enchant weapon {unknown}
Potions
 p - a potion of curing {unknown}
Books
 c - a book of Battle

   Spells                             Type                      Level
   a - Infusion                       Charms                       1
   b - Shroud of Golubria             Charms/Translocation         2
   c - Song of Slaying                Charms                       2
   d - Spectral Weapon                Hexes/Charms                 3
   e - Regeneration                   Charms/Necromancy            3
Comestibles
 d - 2 bread rations
 g - 4 fruits
 n - a royal jelly
 q - a chunk of flesh


   Skills:
 + Level 3.4 Fighting
 + Level 4.2 Long Blades
 - Level 1.3 Armour
 - Level 2.6 Dodging
 - Level 0.3 Stealth
 - Level 3.0 Spellcasting
 + Level 5.1 Charms


You had 6 spell levels left.
You knew the following spells:

 Your Spells              Type           Power        Failure   Level  Hunger
a - Infusion              Chrm           #...         6%          1    ##.....
b - Song of Slaying       Chrm           #.......     9%          2    ###....


Dungeon Overview and Level Annotations

Branches:
Dungeon (3/15)

Altars:

Portals:
Sewer: D:3

Annotations:
D:2 Sigmund


Innate Abilities, Weirdness & Mutations

Your physical attributes are unchanging.
You have very sharp teeth.
Your uncanny sense of smell can sniff out nearby items.


Message History

The orc hits you with a flail. The orc wizard barely misses you.
You riposte.
You hit the orc wizard.
The orc wizard is heavily wounded.
You hit the orc wizard.
The orc wizard is severely wounded.
The orc hits you with a flail.
* * * LOW HITPOINT WARNING * * *
The orc wizard hits you but does no damage.
The orc hits you with a flail!
* * * LOW HITPOINT WARNING * * *
You closely miss the orc wizard.
The orc wizard is severely wounded.
The orc wizard hits you but does no damage.
The orc closely misses you. The orc barely misses you.
Unknown command.
You hit the orc wizard.
The orc wizard is severely wounded.
Your song is almost over.
The orc wizard hits you with a dagger.
You die...

#.###<## #.#
#.# #.# #.#
#o# #.# #.#
#..
#.###########
#.##.≈≈o≈≈≈≈≈
#(#.o≈≈≈≈∩≈≈≈
#§#@o≈≈≈≈≈≈≈≈
#.o.#########
#####


You could see an orc wizard and 3 orcs.

Vanquished Creatures
  Jessica (D:2)
  2 leopard geckos (D:3)
  5 bats
  3 giant cockroaches
  5 goblins (D:1)
  5 hobgoblins
  4 jackals (D:2)
  7 kobolds
  A quokka (D:2)
  A ball python (D:1)
  3 frilled lizards
  2 rats (D:2)
39 creatures vanquished.

Notes
Turn   | Place    | Note
-------+----------+-------------------------------------------
     0 | D:1      | nono the Gnoll Skald began the quest for the Orb.
     0 | D:1      | Reached XP level 1. HP: 17/17 MP: 4/4
   427 | D:1      | Reached XP level 2. HP: 21/24 MP: 6/6
   716 | D:2      | Learned a level 2 spell: Song of Slaying
   928 | D:2      | Noticed Jessica
   960 | D:2      | Killed Jessica
   960 | D:2      | Reached skill level 5 in Charms
   960 | D:2      | Reached XP level 3. HP: 21/29 MP: 5/7
  1113 | D:2      | Reached XP level 4. HP: 18/35 MP: 8/8
  1386 | D:2      | Noticed Sigmund
  1852 | D:3      | Found a glowing drain.
  1921 | D:3      | HP: 1/35 [orc/flail (7)]
  1923 | D:3      | Slain by an orc wizard

Vault maps used:
D:1:      saegor_arrival_simple_b
D:2:      uniq_jessica, uniq_sigmund
D:3:      minitemple, chequers_ecumenical_altar_island, portal_sewer_entry_f,
          wad_floor_pattern_untrapped, xom_teletrap_fun, uniq_grinder

Skill      XL: |  1  2  3 |
---------------+----------+-----
Long Blades    | 3 4 |  4.2
Fighting       | 3 |  3.4
Charms         | 5 |  5.1
Armour         | |  1.3
Dodging        | |  2.6
Stealth        | |  0.3
Spellcasting   | |  3.0

Action                   |  1- 3 |  4- 6 || total
-------------------------+-------+-------++-------
Melee: Falchion          |    81 |    58 ||   139
       Bite              |     3 |     3 ||     6
 Cast: Infusion          |     9 |     3 ||    12
       Song of Slaying   |     1 |     2 ||     3
  Use: Potion            |       |     1 ||     1
  Eat: Chunk             |       |     4 ||     4
Armor: Leather armour    |    24 |    15 ||    39
Dodge: Dodged            |    40 |    45 ||    85
       Rpst.: Falchion   |    12 |    13 ||    25

Table legend:
 A = Spawn XP
 B = Non-spawn XP
 C = Spawn XP percentage of total XP
 D = Spawn monster count
 E = Non-spawn monster count
 F = Spawn count percentage of total count
 G = Total turns spent on level
                    A         B        C        D         E        F      G
               +---------+---------+-------+---------+---------+-------+---------
         Total |       0 |     106 |   0.0 |       0 |      39 |   0.0 |  1923
               +---------+---------+-------+---------+---------+-------+---------
           D:1 |       0 |      26 |   0.0 |       0 |      15 |   0.0 |   928
           D:2 |       0 |      70 |   0.0 |       0 |      20 |   0.0 |   909
           D:3 |       0 |      10 |   0.0 |       0 |       4 |   0.0 |    86
               +---------+---------+-------+---------+---------+-------+---------
